 Dungeon Crawl Stone Soup version 0.27-a0-1591-gc56fcc985a (webtiles) character file.

Game seed: 2005012048802357

7114 Gwenloh the Severer (level 11, -6/82 HPs)
             Began as a Hill Orc Fighter on July 19, 2021.
             Was a Follower of Okawaru.
             Mangled by a komodo dragon (23 damage)
             ... on level 9 of the Dungeon.
             The game lasted 00:35:37 (11457 turns).

Gwenloh the Severer (Hill Orc Fighter)             Turns: 11457, Time: 00:35:37

Health: -6/82      AC: 18    Str: 20    XL:     11   Next: 10%
Magic:  11/13      EV: 10    Int:  8    God:    Okawaru [*.....]
Gold:   204        SH: 15    Dex: 16    Spells: 10/10 levels left

rFire    . . .     SeeInvis .   a - +8 war axe of Pandemonium {vorpal, Dex+3}
rCold    . . .     Faith    .   c - +2 kite shield
rNeg     . . .     Spirit   .   H - +3 chain mail {Will+}
rPois    .         Reflect  .   (no helmet)
rElec    .         Harm     .   E - +1 cloak
rCorr    .         Rampage  .   (no gloves)
Will     +....                  (no boots)
Stlth    ..........             G - amulet of the acrobat
HPRegen  0.23/turn              K - ring of wizardry
MPRegen  0.13/turn              (no ring)

@: heroic
A: no striking features
a: Renounce Religion, Heroism


You were on level 9 of the Dungeon.
You worshipped Okawaru.
Okawaru was aware of your devotion.
You visited 2 branches of the dungeon, and saw 10 of its levels.

You collected 468 gold pieces.
You spent 264 gold pieces at shops.

Inventory:

Hand Weapons
 a - the +8 war axe of Pandemonium (weapon) {vorpal, Dex+3}
   (You found it on level 8 of the Dungeon)

   It inflicts extra damage upon your enemies.
   Dex:       It affects your dexterity (+3).
 b - a +2 hunting sling of flaming
 R - the +7 mace of Kappautz {elec, rElec Dex+4}
   (You took it off a kobold on level 9 of the Dungeon)

   It occasionally discharges a powerful burst of electricity upon striking a
   foe.
   Dex:       It affects your dexterity (+4).
   rElec:     It insulates you from electricity.
Missiles
 e - 238 stones
 w - 19 sling bullets
 F - 17 bolts
 I - a throwing net
 J - 13 boomerangs (quivered)
Armour
 c - a +2 kite shield (worn)
 j - a +0 scale mail
 E - a +1 cloak (worn)
 H - a +3 chain mail of willpower (worn)
Jewellery
 G - an amulet of the acrobat (around neck)
 K - a ring of wizardry (left hand)
 L - a +6 ring of intelligence
 P - a ring of protection from cold
Wands
 x - a wand of digging (6)
Scrolls
 f - 3 scrolls of vulnerability
 g - a scroll of summoning
 i - a scroll of immolation {unknown}
 k - 4 scrolls of teleportation
 o - 2 scrolls of fog
 r - a scroll of torment {unknown}
 u - 2 scrolls of magic mapping {unknown}
 y - a scroll of noise {unknown}
 A - 3 scrolls of amnesia
 D - 2 scrolls of fear
 O - a scroll of brand weapon {unknown}
 Q - 2 scrolls of enchant armour
Potions
 d - a potion of might
 h - 2 potions of heal wounds {unknown}
 l - a potion of invisibility {unknown}
 n - 2 potions of attraction {unknown}
 p - 6 potions of curing
 t - 2 potions of brilliance {unknown}
 v - a potion of haste {unknown}
 z - 2 potions of degeneration {unknown}
 C - a potion of cancellation {unknown}


   Skills:
 - Level 3.6(8.6) Fighting
 * Level 15.8(20.8) Axes
 + Level 8.7(13.7) Armour
 + Level 8.7(13.7) Shields
 + Level 3.8 Invocations


You had 10 spell levels left.
You didn't know any spells.
Your spell library contained the following spells:

 Spells                   Type           Power      Damage    Failure   Level
 Animate Skeleton         Necr           0%         N/A       71%         1
 Apportation              Tloc           0%         N/A       71%         1
 Corona                   Hex            0%         N/A       71%         1
 Foxfire                  Conj/Fire      0%         2x1d4     71%         1
 Pain                     Necr           0%         1d4       71%         1
 Summon Small Mammal      Summ           0%         N/A       71%         1
 Conjure Flame            Conj/Fire      0%         6-21      96%         3
 Inner Flame              Hex/Fire       0%         N/A       96%         3
 Stone Arrow              Conj/Erth      0%         3d7       96%         3
 Vampiric Draining        Necr           0%         2d6       96%         3
 Animate Armour           Summ/Erth      0%         N/A       100%        4
 Cause Fear               Hex            0%         N/A       100%        4
 Fulminant Prism          Conj/Hex       0%         3d6       100%        4
 Iskenderun's Mystic Bla  Conj/Tloc      0%         2d3       100%        4
 Lee's Rapid Deconstruct  Erth           0%         3d5*      100%        5
 Borgnjor's Revivificati  Necr           0%         N/A       100%        8
 Discord                  Hex            0%         N/A       100%        8
 Lehudib's Crystal Spear  Conj/Erth      0%         10d2      100%        8
 Necromutation            Tmut/Necr      0%         N/A       100%        8
 Death's Door             Necr           0%         N/A       100%        9


Dungeon Overview and Level Annotations

Branches:
Dungeon (9/15)             Temple (1/1) D:7
   Lair: D:8-11         Orc: D:9-12

Altars:
Ashenzari
Cheibriados
Dithmenos
Elyvilon
Fedhas
Gozag
Hepliaklqana
Kikubaaqudgha
Makhleb
Nemelex Xobeh
Okawaru
Qazlal
Ru
Sif Muna
Trog
Uskayaw
Vehumet
Wu Jian
Xom
Yredelemnul
Zin
The Shining One

Shops:
D:4 (   D:8 ?

Annotations:
D:7 3 runed translucent doors, night's ghost, novice DgCj


Message History

Okawaru accepts your kill.
The steam dragon scales are intact enough to wear.
You are engulfed in a cloud of scalding steam.
No target in view!
You're standing in a cloud of steam!
You start resting.
A wyvern is nearby!
The wyvern hisses angrily.
A komodo dragon comes into view.
A komodo dragon comes into view.
The komodo dragon hisses angrily.
The wyvern completely misses you.
You closely miss the wyvern. The wyvern bites you!
The wyvern barely misses you.
You are too injured to fight recklessly!
You are too injured to fight recklessly!
The wyvern barely misses you. The komodo dragon closely misses you.
The wyvern barely misses you. The wyvern misses you.
The wyvern bites you but does no damage.
The wyvern completely misses you. You block the wyvern's attack.
You gain the combat prowess of a mighty hero.
You block the wyvern's attack. The wyvern bites you!
You slice the wyvern!!
You kill the wyvern!
Okawaru accepts your kill.
You hit the komodo dragon.
The komodo dragon is lightly wounded.
The komodo dragon bites you!
* * * LOW HITPOINT WARNING * * *
You closely miss the komodo dragon.
The komodo dragon is lightly wounded.
You hit the komodo dragon.
The komodo dragon is moderately wounded.
The komodo dragon barely misses you.
You slash the komodo dragon!
The komodo dragon is heavily wounded.
The komodo dragon bites you!!
You die...

.##.####......#######.
#.######
.##...##...>..# .....
.####..').....# #. ##
####......# ## ##'#####
#.# ##### ###
####..#.########.#
####..#.###...ll@...##
....#.........###....##
####### .#..[.......###
####..#####...##.
.......######
###...###.....
.....##.# ####...###.#
..... #.. #.#### ###
.##.# ### ### . ##


You could see 2 komodo dragons.

Vanquished Creatures
  4 skeletal warriors
  Pikel (D:4)
  3 wyverns (D:9)
  2 steam dragons
  A basilisk (D:9)
  An acid dragon (D:8)
  A water moccasin (D:8)
  A black bear (D:4)
  4 ice beasts
  3 orc warriors
  A hornet zombie (D:8)
  A sky beast (D:6)
  2 ogres
  3 centaurs
  A wolf (D:8)
  4 lemures (D:4)
  3 kobold brigands
  2 bullfrogs (D:7)
  3 scorpions
  A gnoll sergeant (D:8)
  A wyvern zombie (D:6)
  A wyvern skeleton (D:7)
  A water moccasin skeleton (D:5)
  3 centaur zombies
  5 jellies
  A hound (D:5)
  4 gnoll shamans
  A bullfrog skeleton (D:5)
  An iron imp (D:5)
  3 orc priests
  A centaur skeleton (D:6)
  11 orc wizards
  6 iguanas
  2 howler monkey skeletons (D:4)
  4 adders
  11 gnolls
  A shadow imp (D:5)
  A white imp (D:7)
  2 ufetubi
  2 adder skeletons (D:4)
  3 worms
  A dart slug (D:1)
  12 orcs
  10 ball pythons
  4 bats
  15 endoplasms
  3 giant cockroaches
  11 goblins
  5 hobgoblins
  15 jackals
  6 quokkas
  6 frilled lizards
  16 kobolds
  9 rats
220 creatures vanquished.

Vanquished Creatures (others)
  A plant (D:3)
1 creature vanquished.

Grand Total: 221 creatures vanquished

Notes
Turn   | Place    | Note
-------+----------+-------------------------------------------
     0 | D:1      | Gwenloh the Hill Orc Fighter began the quest for the Orb.
     0 | D:1      | Reached XP level 1. HP: 19/19 MP: 1/1
    38 | D:1      | Reached skill level 3 in Axes
   170 | D:1      | Reached XP level 2. HP: 26/26 MP: 2/2
   295 | D:1      | Reached skill level 4 in Axes
   436 | D:1      | Reached XP level 3. HP: 31/31 MP: 3/3
   645 | D:1      | Reached skill level 5 in Axes
   894 | D:1      | Found a faded altar of an unknown god.
  1312 | D:2      | Reached XP level 4. HP: 39/39 MP: 4/4
  1369 | D:2      | Found a shimmering altar of Xom.
  1607 | D:2      | Reached skill level 6 in Axes
  2166 | D:3      | Found a blossoming altar of Fedhas.
  2184 | D:3      | Reached XP level 5. HP: 42/45 MP: 5/5
  2255 | D:3      | You fall into a shaft and drop 2 floors!
  2255 | D:5      | Entered Level 5 of the Dungeon
  2269 | D:5      | Reached skill level 7 in Axes
  2395 | D:3      | Reached skill level 8 in Axes
  2395 | D:3      | Reached XP level 6. HP: 42/51 MP: 6/6
  2483 | D:3      | Found an opulent altar of Gozag.
  3552 | D:4      | Noticed a black bear
  3600 | D:4      | Reached skill level 9 in Axes
  4164 | D:3      | Reached XP level 7. HP: 34/57 MP: 7/7
  4314 | D:4      | Reached skill level 10 in Axes
  4387 | D:4      | Found Cytrye's Weapon Shop.
  4395 | D:4      | Bought a +1 war axe of electrocution for 204 gold pieces
  4724 | D:4      | Noticed Pikel
  4744 | D:4      | Killed Pikel
  4745 | D:4      | Reached skill level 11 in Axes
  4745 | D:4      | Reached XP level 8. HP: 21/64 MP: 8/8
  5088 | D:4      | You fall into a shaft and drop 2 floors!
  5783 | D:6      | Reached skill level 12 in Axes
  5783 | D:6      | Reached skill level 5 in Armour
  5783 | D:6      | Reached skill level 5 in Shields
  5952 | D:5      | Found a burning altar of Makhleb.
  6164 | D:5      | Reached XP level 9. HP: 70/70 MP: 9/9
  6808 | D:5      | Found a snail-covered altar of Cheibriados.
  6955 | D:5      | Found a sparkling altar of Nemelex Xobeh.
  7345 | D:6      | Reached skill level 13 in Axes
  8199 | D:7      | Noticed a skeletal warrior
  8353 | D:7      | Noticed a skeletal warrior
  8611 | D:7      | Found a runed translucent gate.
  8611 | D:7      | Found a runed translucent gate.
  8611 | D:7      | Found a runed translucent gate.
  8634 | D:7      | Noticed a skeletal warrior
  8672 | D:7      | Killed a skeletal warrior
  8673 | D:7      | Reached skill level 14 in Axes
  8673 | D:7      | Reached XP level 10. HP: 29/77 MP: 10/10
  8890 | D:7      | Noticed a skeletal warrior
  8899 | D:7      | Killed a skeletal warrior
  8922 | D:6      | Killed a skeletal warrior
  9189 | D:7      | Killed a skeletal warrior
  9190 | D:7      | Reached skill level 15 in Axes
  9309 | D:7      | Found a stormy altar of Qazlal.
  9369 | D:7      | Found a staircase to the Ecumenical Temple.
  9376 | Temple   | Entered the Ecumenical Temple
  9475 | Temple   | Became a worshipper of Warmaster Okawaru
  9567 | D:7      | Noticed night's ghost (novice DgCj)
  9811 | D:8      | Reached skill level 1 in Invocations
 10144 | D:8      | Identified the +8 war axe of Pandemonium {vorpal, Dex+3}
 10472 | D:8      | Reached * piety under Okawaru
 10534 | D:8      | Found Ysautaro's Magic Scroll Emporium.
 10568 | D:8      | Bought a scroll of identify for 30 gold pieces
 10568 | D:8      | Bought a scroll of identify for 30 gold pieces
 11050 | D:9      | Identified the +7 mace of Kappautz {elec, rElec Dex+4}
 11233 | D:9      | Reached XP level 11. HP: 60/82 MP: 13/13
 11457 | D:9      | Mangled by a komodo dragon

Illustrated notes

Levels and vault maps discovered:
D:1:      psy_arrival_radial02, layout_rooms, chequers_ecumenical_altar_twisty,
          nrook_uturn, columned_hall_lemuel, minmay_heptomino_w4
D:2:      layout_basic, basic_altar, serial_park_tiny_pond
D:3:      layout_loops_ring, mainiacjoe_overflow_alcove_2,
          fedhas_ov_isle_minmay, minmay_misc_feat_iff, corexii_shack
D:4:      minmay_diamond_boxcup, layout_rooms, serial_shops, shop, uniq_pikel
D:5:      layout_loops_ring, mainiacjoe_overflow_alcove_4, slow_altar_2,
          bloody_makhleb
D:6:      layout_basic
D:7:      layout_rooms, mainiacjoe_overflow_paths, temple_green,
          gammafunk_ghost_necromancy, amcnicky_mini_rare_corridor_liquid,
          minmay_checkerbox
D:8:      layout_cave_pools, serial_gnoll_camp, gnoll_camp_mini_house,
          gnoll_camp_mini_hut, gnoll_camp_mini_hut, gnoll_camp_mini_shop
D:9:      layout_roguey, erik_lair_dragon, supply_closet_lemuel
Temple:   lightli_temple_of_artemis

Skill      XL: |  1  2  3  4  5  6  7  8  9 10 |
---------------+-------------------------------+-----
Axes           | 3 4 5 6 8 9 11 12 14 15 | 15.8
Armour         | 4 5 7 8 |  8.7
Shields        | 4 5 7 8 |  8.7
Invocations    | 3 |  3.8
Fighting       | |  3.6

Action                   |  1- 3 |  4- 6 |  7- 9 | 10-12 || total
-------------------------+-------+-------+-------+-------++-------
Melee: War axe           |   120 |   146 |   194 |   149 ||   609
 Fire: Hunting sling     |       |    62 |   122 |    34 ||   218
Throw: Stone             |    61 |    19 |     2 |     2 ||    84
       Boomerang         |       |       |       |     6 ||     6
Invok: Heroism           |       |       |       |     4 ||     4
  Use: Scroll            |       |       |     8 |     4 ||    12
Armor: Scale mail        |    41 |    59 |    55 |       ||   155
       Chain mail        |       |       |     1 |    49 ||    50
Dodge: Dodged            |    42 |    36 |    50 |    34 ||   162
Block: Kite shield       |    54 |    81 |   111 |    99 ||   345
       Reflection        |       |       |     6 |       ||     6

Table legend: (Time is in decaauts)
 A = Elapsed time spent in this place.
 B = Non-inter-level travel time spent in this place.
 C = Inter-level travel time spent in this place.
 D = Time resting spent in this place.
 E = Time spent auto-exploring this place.
 F = Levels seen in this place.
 G = Mean time per level.
                   A        B        C        D        E       F      G
               +--------+--------+--------+--------+--------+-----+--------+
         Total |  11637 |  11058 |    579 |   2299 |   6138 |  10 | 1163.7 |
       Dungeon |  11527 |  10958 |    569 |   2299 |   6048 |   9 | 1280.8 |
        Temple |    110 |    100 |     10 |      0 |     90 |   1 |  110.0 |
               +--------+--------+--------+--------+--------+-----+--------+

Top non-repeatable levels by time:
     D:6: 2213 daAuts
     D:4: 1768 daAuts
     D:3: 1453 daAuts
     D:2: 1321 daAuts
     D:1: 1204 daAuts
     D:7: 1070 daAuts
     D:8: 975 daAuts
     D:5: 923 daAuts
     D:9: 596 daAuts
  Temple: 110 daAuts
